 Dungeon Crawl Stone Soup version 0.31.0-9-g3a7656b989 (webtiles) character file.

Game seed: 8984316284295170423

155 EnegeticOcto the Trooper (level 5, -2/42 HPs)
             Began as a Formicid Shapeshifter on Feb 1, 2024.
             Succumbed to Ijyb's poison
             ... on level 3 of the Dungeon.
             The game lasted 00:03:46 (2298 turns).

EnegeticOcto the Trooper (Formicid Shapeshifter)    Turns: 2298, Time: 00:03:46

Health: -2/42      AC:  8    Str: 21    XL:     5   Next: 63%
Magic:  3/6        EV:  5    Int:  9    God:
Gold:   85         SH: 11    Dex: 13    Spells: 6/6 levels left

rFire   . . .        o - +0 hand axe (elec)
rCold   . . .        b - +0 tower shield
rNeg    . . .        g - +0 chain mail
rPois   .            (helmet unavailable)
rElec   .            (cloak currently unavailable)
rCorr   .            (gloves currently unavailable)
SInv    +            (boots currently unavailable)
Will    .....        j - amulet of guardian spirit Stlth
                     (no ring)
HPRegen 0.27/turn    (no ring)
MPRegen 0.10/turn

%: guardian spirit
@: lethally poisoned (-2 -> -9), beast-form
A: beast (slay +1), permanent stasis, dig shafts and tunnels, antennae 3, four
strong arms
a: Dig, Shaft Self, Begin Untransformation


You were on level 3 of the Dungeon.
You were a hulking beast.
You visited 1 branch of the dungeon, and saw 3 of its levels.

You collected 137 gold pieces.
You spent 52 gold pieces at shops.

Inventory:

Hand Weapons
 h - a +0 dagger
   (You took it off a goblin on level 1 of the Dungeon)
 k - a +0 mace of protection
   (You found it on level 1 of the Dungeon)
 o - a +0 hand axe of electrocution (weapon)
   (You found it on level 2 of the Dungeon)
Missiles
 l - 2 boomerangs (quivered)
Armour
 a - a +0 animal skin
 b - a +0 tower shield (worn)
   (You found it on level 2 of the Dungeon)
 g - a +0 chain mail (worn)
   (You found it on level 1 of the Dungeon)
Jewellery
 j - an amulet of guardian spirit (around neck)
   (You found it on level 2 of the Dungeon)
 p - a ring of poison resistance
   (You found it on level 2 of the Dungeon)
Talismans
 c - a beast talisman
 d - a flux talisman
Scrolls
 e - a scroll of enchant armour
 f - a scroll of fog {!r}
 m - a scroll of fear {!r}
 n - a scroll of teleportation {unknown}
Potions
 i - a potion of brilliance


   Skills:
 + Level 3.9 Fighting
 * Level 2.2(2.5) Axes
 - Level 1.8(2.4) Maces & Flails
 - Level 1.7 Dodging
 - Level 3.0 Unarmed Combat
 - Level 1.0 Spellcasting
 - Level 3.2 Shapeshifting


You had 6 spell levels left.
You didn't know any spells.
Your spell library contained the following spells:

 Spells                   Type           Power      Damage    Failure   Level
 Apportation              Tloc           0%         N/A       100%        1
 Jinxbite                 Hex            0%         N/A       100%        2
 Alistair's Intoxication  Alch           0%         N/A       100%        5


Dungeon Overview and Level Annotations

Branches:
Dungeon (3/15) Zot: 15654

Altars:

Shops:
D:1 *

Annotations:
D:3 Ijyb


Innate Abilities, Weirdness & Mutations

You are a hulking beast.
Your limbs bulge with bestial killing power. (Slay +1)
You cannot be hasted, slowed, berserked, paralysed or teleported.
You can dig through walls and to a lower floor.
You have a pair of large antennae on your head. (SInv)
Your four strong arms can wield two-handed weapons with a shield.


Message History

The kobold is moderately wounded.
You closely miss the goblin.
Natasha, Servant of Life and Death comes into view.
You block the goblin's attack. You block the kobold's attack.
You block the goblin's attack. The kobold attacks as it pursues you!
You block the kobold's attack. The kobold attacks as it pursues you!
The kobold hits you but does no damage. The kobold attacks as it pursues you!
You block the kobold's attack. The goblin attacks as it pursues you!
You block the goblin's attack. The kobold attacks as it pursues you!
The kobold hits you with a +0 dagger. The kobold attacks as it pursues you!
You block the kobold's attack. The kobold attacks as it pursues you!
You block the kobold's attack.
You hit the kobold.
You kill the kobold!
You barely miss the goblin.
Natasha casts a spell.
You block the goblin's attack. x2
You closely miss the goblin. You block the goblin's attack.
You barely miss the goblin. You block the goblin's attack.
Ijyb the Twisted Goblin comes into view.
She is wielding a +1 dagger of venom and carrying a wand of flame.
Natasha mumbles some strange words.
The goblin hits you but does no damage.
You barely miss the goblin.
Ijyb shouts!
The goblin hits you with a +0 club.
You hit the goblin.
You kill the goblin!
Natasha howls an incantation.
You feel disoriented. Natasha barely misses you.
The cerulean imp hits you but does no damage.
You closely miss Natasha. Natasha claws you but does no damage.
The cerulean imp hits you from afar with a +2 spear.
You hit Natasha.
Natasha is lightly wounded.
Natasha claws you.
The cerulean imp hits you but does no damage.
Natasha mumbles some strange words.
You feel troubled. Natasha claws you. You block the cerulean imp's attack.
You closely miss Natasha.
Natasha is lightly wounded.
Natasha mumbles some strange words.
The cerulean imp hits you from afar with a +2 spear.
You block Natasha's attack.
You are too injured to fight recklessly!
You are too injured to fight recklessly!
You are too injured to fight recklessly!
You are too injured to fight recklessly!
You are too injured to fight recklessly!
You are too injured to fight recklessly!
You are too injured to fight recklessly!
You are too injured to fight recklessly!
You are too injured to fight recklessly!
You are too injured to fight recklessly!
You are too injured to fight recklessly!
You are too injured to fight recklessly!
You are too injured to fight recklessly!
You are too injured to fight recklessly!
You are too injured to fight recklessly!
You are too injured to fight recklessly!
You barely miss Natasha.
Natasha is lightly wounded.
You hit the cerulean imp but do no damage.
The cerulean imp hits you but does no damage.
Natasha claws you. The cerulean imp completely misses you.
The cerulean imp hits you but does no damage.
You hit Natasha. Lightning courses through Natasha!!
You kill Natasha!
Natasha screams in pain as she dies!
The cerulean imp disappears in a puff of smoke! x3
Your Axes skill increases to level 2!
Things that are here:
a +0 club; a +0 dagger; the felid corpse of Natasha You hit Ijyb.
Ijyb is lightly wounded.
Ijyb hits you with a +1 dagger of venom.
You are poisoned.
Ijyb hits you but does no damage.
You are lethally poisoned!
You hit Ijyb.
Ijyb is lightly wounded.
You feel extremely sick. Ijyb hits you but does no damage.
You hit Ijyb.
Ijyb is moderately wounded.
* * * LOW HITPOINT WARNING * * *
You feel very sick. You block Ijyb's attack.
Ijyb zaps a wand.
The puff of flame hits you.
* * * LOW HITPOINT WARNING * * *
You closely miss Ijyb.
Ijyb is moderately wounded.
* * * LOW HITPOINT WARNING * * *
You feel very sick. Ijyb barely misses you.
Okay, then.
Okay, then.
You hit Ijyb but do no damage.
Ijyb is moderately wounded.
You die...

###+####..#
#(.....#.h#{
#......#.g#
+.........#{
#.....h####
#..>..g# #....h.#
#......#######
####.......gh...#
#.........#####.#
#.........# #.#
#)......### #.#
#.......# #.#
######### #.# #.#
#.# #.#


You could see Ijyb.

Vanquished Creatures
  Natasha (D:3)
  8 gnolls
  An adder (D:3)
  A ribbon worm (D:2)
  5 endoplasms
  3 giant cockroaches
  4 goblins
  4 hobgoblins
  4 jackals (D:3)
  A quokka (D:1)
  2 ball pythons (D:1)
  2 bats
  A frilled lizard (D:3)
  3 kobolds
  6 rats
46 creatures vanquished.

Notes
Turn   | Place    | Note
-------+----------+-------------------------------------------
     0 | D:1      | EnegeticOcto the Formicid Shapeshifter began the quest for
                  | the Orb.
     0 | D:1      | Reached XP level 1. HP: 15/15 MP: 1/1
   218 | D:1      | Reached skill level 2 in Fighting
   218 | D:1      | Reached XP level 2. HP: 22/22 MP: 2/2
   282 | D:1      | Found Ezxyp's General Store.
   936 | D:1      | Bought a scroll of fear for 52 gold pieces
  1002 | D:1      | Reached skill level 3 in Fighting
  1002 | D:1      | Reached XP level 3. HP: 21/29 MP: 3/3
  1048 | D:1      | Reached skill level 1 in Maces & Flails
  1124 | D:1      | Reached XP level 4. HP: 35/35 MP: 4/4
  1583 | D:2      | HP: 1/32 [gnoll/+0 flail (4)]
  1590 | D:2      | Reached skill level 1 in Axes
  1592 | D:2      | Reached XP level 5. HP: 4/40 MP: 0/6
  2161 | D:3      | Reached skill level 1 in Spellcasting
  2265 | D:3      | Noticed Natasha
  2285 | D:3      | Noticed Ijyb
  2292 | D:3      | Killed Natasha
  2293 | D:3      | Reached skill level 2 in Axes
  2297 | D:3      | HP: 1/42 [poisoned by Ijyb]
  2298 | D:3      | Succumbed to Ijyb's poison

Illustrated notes

Levels and vault maps discovered:
D:1:      kennysheep_arrival_seaside, layout_basic, serial_shops, shop
D:2:      layout_basic
D:3:      layout_basic, uniq_sigmund, uniq_ijyb, uniq_natasha

Skill      XL: |  1  2  3  4  5 |
---------------+----------------+-----
Fighting       | 2 3 |  3.9
Maces & Flails | 1 |  1.8
Axes           | 1 2 |  2.2
Spellcasting   | 1 |  1.0
Dodging        | |  1.7
Unarmed Combat | |  3.0
Shapeshifting  | |  3.2

Action                     |  1- 3 |  4- 6 || total
---------------------------+-------+-------++-------
  Melee: Dagger            |    10 |       ||    10
         Unarmed           |    32 |     5 ||    37
         Mace              |    16 |     7 ||    23
         Hand axe          |       |    71 ||    71
         Punch             |       |     2 ||     2
Ability: Dig               |       |     1 ||     1
    Use: Scroll            |       |     3 ||     3
         Potion            |       |     1 ||     1
 Armour: Chain mail        |    42 |    75 ||   117
         Animal skin       |     3 |       ||     3
         Skin              |       |     3 ||     3
  Dodge: Dodged            |    20 |    20 ||    40
  Block: Tower shield      |       |    34 ||    34

Table legend:
 A = Kills in this place as a percentage of kills in the entire game.
 B = Kills by you in this place as a percentage of kills by you in the entire game.
 C = Kills by friends in this place as a percentage of kills by friends in the entire game.
 D = Other kills in this place as a percentage of other kills in the entire game.
 E = Experience gained in this place as a percentage of experience gained in the entire game.
 F = Experience gained in this place divided by the number of levels of this place that you have seen.
                   A       B       C       D       E      F
               +-------+-------+-------+-------+-------+----------------------
         Total | 100.0 | 100.0 |   N/A |   N/A | 100.0 |  74.0
       Dungeon | 100.0 | 100.0 |   N/A |   N/A | 100.0 |  74.0
               +-------+-------+-------+-------+-------+----------------------

Table legend: (Time is in decaauts)
 A = Elapsed time spent in this place.
 B = Non-inter-level travel time spent in this place.
 C = Inter-level travel time spent in this place.
 D = Time resting spent in this place.
 E = Time spent auto-exploring this place.
 F = Levels seen in this place.
 G = Mean time per level.
                   A        B        C        D        E       F      G
               +--------+--------+--------+--------+--------+-----+--------+
         Total |   2346 |   2150 |    196 |    255 |   1455 |   3 |  782.0 |
       Dungeon |   2346 |   2150 |    196 |    255 |   1455 |   3 |  782.0 |
               +--------+--------+--------+--------+--------+-----+--------+

Top non-repeatable levels by time:
     D:2: 1099 daAuts
     D:1: 1075 daAuts
     D:3: 171 daAuts
